 Dungeon Crawl Stone Soup version 0.31.0-11-ge490571c62 (webtiles) character file.

Game seed: 6357681490178813663

51 qw the Shooter (level 3, -3/20 HPs)
             Began as a Deep Elf Hunter on Feb 4, 2024.
             Slain by a cerulean imp
             ... wielding a +2 spear
             ... summoned by Natasha
              (7 damage)
             ... on level 2 of the Dungeon.
             The game lasted 00:00:04 (1268 turns).

qw the Shooter (Deep Elf Hunter)                    Turns: 1268, Time: 00:00:04

Health: -3/20      AC:  0    Str: 10    XL:     3   Next: 58%
Magic:  5/5        EV: 20    Int: 13    God:
Gold:   105        SH:  0    Dex: 23    Spells: 2/2 levels left

rFire   . . .        a - melded +0 shortbow
rCold   . . .        (shield currently unavailable)
rNeg    . . .        d - melded +0 ring mail
rPois   .            (helmet currently unavailable)
rElec   .            (cloak currently unavailable)
rCorr   .            (gloves currently unavailable)
SInv    .            (boots currently unavailable)
Will    .....        (no amulet)
Stlth   ++           (ring currently unavailable)
HPRegen 0.23/turn    (ring currently unavailable)
MPRegen 0.09/turn

%: no passive effects
@: bat-form (expiring), flying, slowed, quick
A: fast, flying, no casting, tiny
a: no special abilities


You were on level 2 of the Dungeon.
You were a bat.
You visited 1 branch of the dungeon, and saw 2 of its levels.

You collected 105 gold pieces.


   Skills:
 - Level 1.5 Fighting
 + Level 7.1 Ranged Weapons
 - Level 2.4 Dodging
 - Level 1.2 Stealth


You had 2 spell levels left.
You didn't know any spells.
Your spell library was empty.

Inventory:

Hand Weapons
 a - a +0 shortbow (melded)
Armour
 c - a +0 pair of gloves
 d - a +0 ring mail (melded)
Scrolls
 b - 2 scrolls of identify
Potions
 e - a potion of curing {unknown}
 f - a potion of resistance {unknown}

Dungeon Overview and Level Annotations

Branches:
Dungeon (2/15)

Altars:

Annotations:
D:2 Natasha


Message History

1251 ||| FLEEEEING.
1252 ||| FLEEEEING.
Natasha casts a spell at you.
You feel yourself slow down.
1253 ||| FLEEEEING.
1254 ||| FLEEEEING.
1255 ||| FLEEEEING.
You enter a dispersal trap!
Natasha blinks!
You blink.
Natasha mumbles some strange words.
1256 ||| FLEEEEING.
Natasha completely misses you.
1257 ||| FLEEEEING.
Natasha casts a spell at you. The magic dart hits you.
The cerulean imp misses you.
1258 ||| FLEEEEING.
Natasha attacks as she pursues you! Natasha closely misses you.
1259 ||| FLEEEEING.
1260 ||| FLEEEEING.
You enter a dispersal trap!
Natasha blinks!
The cerulean imp blinks!
You blink.
The cerulean imp completely misses you.
1261 ||| FLEEEEING.
The cerulean imp attacks as it pursues you!
The cerulean imp completely misses you.
1262 ||| FLEEEEING.
1263 ||| FLEEEEING.
1264 ||| FLEEEEING.
The cerulean imp hits you from afar with a +2 spear!
Natasha mumbles some strange words.
1265 ||| FLEEEEING.
The cerulean imp barely misses you.
1266 ||| FLEEEEING.
You enter a dispersal trap!
Natasha blinks!
The cerulean imp blinks! x5; You blink.
The cerulean imp closely misses you.
1267 ||| FLEEEEING.
Your transformation is almost over.
The cerulean imp closely misses you.
Natasha stares at you and mumbles some strange words.
The magic dart hits you.
1268 ||| FLEEEEING.
The cerulean imp hits you with a +2 spear!
You die...

#. #.# #.# #.# #.# #.# #.#
.# #.# #.# .# #.# . ##.##
.# #.# ..## #...#
#####.##. #.#
....##...###........ #.#
###.........b.#.# #.#
......h....5.¤#.## #.#
........¤......5.#######.#
.##............¤.........#
####...###.¤...#########
#...# ##¤#.## #.... .....#
############


You could see Natasha and 2 cerulean imps.

Vanquished Creatures
  Natasha (D:2)
  A ribbon worm (D:2)
  A bat (D:1)
  An endoplasm (D:1)
  4 hobgoblins
  A quokka (D:1)
  4 ball pythons
  2 frilled lizards (D:1)
  3 kobolds
  6 rats
24 creatures vanquished.

Notes
Turn   | Place    | Note
-------+----------+-------------------------------------------
     0 | D:1      | qw the Deep Elf Hunter began the quest for the Orb.
     0 | D:1      | Reached XP level 1. HP: 12/12 MP: 3/3
     0 | D:1      | 0 ||| qw: Version: 0.3-a-160-g6735b56
     0 | D:1      | 0 ||| qw: Game counter: 5333
     0 | D:1      | 0 ||| qw: Melee chars always use a shield: true
     0 | D:1      | 0 ||| qw: God list: Okawaru
     0 | D:1      | 0 ||| qw: Allow faded altars: false
     0 | D:1      | 0 ||| qw: Do Orc after clearing Dungeon:15 true
     0 | D:1      | 0 ||| qw: Do second Lair branch before Depths: true
     0 | D:1      | 0 ||| qw: Lair rune preference: random
     0 | D:1      | 0 ||| qw: Goals: Normal
     0 | D:1      | 0 ||| PLANNING D:1-11
   207 | D:1      | Reached XP level 2. HP: 16/16 MP: 4/4
   242 | D:1      | Reached skill level 6 in Ranged Weapons
   352 | D:1      | Found a faded altar of an unknown god.
   820 | D:1      | 820 ||| UPGRADING to +0 ring mail.
   830 | D:1      | 830 ||| DROPPING +0 leather armour.
   831 | D:1      | 831 ||| READING scroll labelled QEERIE OKOLU.
   831 | D:1      | 831 ||| IDENTIFYING 2 coppery potions
   832 | D:1      | 832 ||| DROPPING scroll of butterflies.
   833 | D:1      | 833 ||| DROPPING 2 potions of attraction.
   900 | D:2      | HP: 4/16 [ribbon worm (6)]
  1127 | D:2      | Noticed Natasha
  1129 | D:2      | 1129 ||| FLEEEEING.
  1130 | D:2      | 1130 ||| FLEEEEING.
  1140 | D:2      | HP: 4/16 [Natasha/magic dart (5)]
  1141 | D:2      | Killed Natasha
  1142 | D:2      | Reached skill level 7 in Ranged Weapons
  1142 | D:2      | Reached XP level 3. HP: 5/20 MP: 5/5
  1240 | D:2      | Noticed Natasha
  1241 | D:2      | 1241 ||| FLEEEEING.
  1242 | D:2      | 1242 ||| FLEEEEING.
  1243 | D:2      | 1243 ||| FLEEEEING.
  1244 | D:2      | 1244 ||| FLEEEEING.
  1245 | D:2      | 1245 ||| FLEEEEING.
  1246 | D:2      | 1246 ||| FLEEEEING.
  1247 | D:2      | 1247 ||| FLEEEEING.
  1248 | D:2      | 1248 ||| FLEEEEING.
  1249 | D:2      | 1249 ||| FLEEEEING.
  1250 | D:2      | 1250 ||| FLEEEEING.
  1251 | D:2      | 1251 ||| FLEEEEING.
  1252 | D:2      | 1252 ||| FLEEEEING.
  1253 | D:2      | 1253 ||| FLEEEEING.
  1254 | D:2      | 1254 ||| FLEEEEING.
  1255 | D:2      | 1255 ||| FLEEEEING.
  1256 | D:2      | 1256 ||| FLEEEEING.
  1257 | D:2      | 1257 ||| FLEEEEING.
  1258 | D:2      | 1258 ||| FLEEEEING.
  1259 | D:2      | 1259 ||| FLEEEEING.
  1260 | D:2      | 1260 ||| FLEEEEING.
  1261 | D:2      | 1261 ||| FLEEEEING.
  1262 | D:2      | 1262 ||| FLEEEEING.
  1263 | D:2      | 1263 ||| FLEEEEING.
  1264 | D:2      | 1264 ||| FLEEEEING.
  1265 | D:2      | 1265 ||| FLEEEEING.
  1266 | D:2      | 1266 ||| FLEEEEING.
  1267 | D:2      | 1267 ||| FLEEEEING.
  1267 | D:2      | HP: 4/20 [Natasha/magic dart (6)]
  1268 | D:2      | 1268 ||| FLEEEEING.
  1268 | D:2      | Slain by a cerulean imp

Levels and vault maps discovered:
D:1:      dpeg_arrival_three_smaller_balls, layout_loops_ring,
          shapermc_ecumenical_altar_notcrosses, kennysheep_small_spiral,
          st_stairs_7
D:2:      layout_loops_ring, kennysheep_generic_room_3, uniq_natasha

Skill      XL: |  1  2 |
---------------+-------+-----
Ranged Weapons | 7 |  7.1
Fighting       | |  1.5
Dodging        | |  2.4
Stealth        | |  1.2

Action                     || total
---------------------------++-------
   Fire: Shortbow          ||    75
    Use: Scroll            ||     1
 Armour: Ring mail         ||    10
         Leather armour    ||     4
         Skin              ||     4
  Dodge: Dodged            ||    15

Table legend:
 A = Non-vault XP
 B = Vault XP
 C = Vault XP percentage of total XP
 D = Non-vault monster count
 E = Vault monster count
 F = Vault count percentage of total count
                 A         B        C        D         E       F
            +---------+---------+-------+---------+---------+-------
      Total |      36 |      38 |  51.4 |      21 |       3 |  12.5
            +---------+---------+-------+---------+---------+-------
        D:1 |      20 |       3 |  13.0 |      13 |       2 |  13.3
        D:2 |      16 |      35 |  68.6 |       8 |       1 |  11.1
            +---------+---------+-------+---------+---------+-------
